 Dungeon Crawl Stone Soup version 0.32-a0-391-gce5c0aab1b (webtiles) character file.

Game seed: 14123508946840290942

11641 pokeman the Eclecticist (level 11, -1/63 HPs)
             Began as a Deep Elf Hedge Wizard on Feb 19, 2024.
             Was an Elder of Vehumet.
             Slain by a purple ugly thing (3 damage)
             ... on level 11 of the Dungeon.
             The game lasted 00:43:27 (12567 turns).

pokeman the Eclecticist (Deep Elf Hedge Wizard)    Turns: 12567, Time: 00:43:28

Health: -1/63      AC: 12    Str:  7    XL:     11   Next: 52%
Magic:  30/42      EV: 11    Int: 24    God:    Vehumet [****..]
Gold:   657        SH:  0    Dex: 14    Spells: 30/42 levels left

rFire   . . .        K - +1 dagger (venom)
rCold   . . .        (no shield)
rNeg    . . .        G - +0 acid dragon scales
rPois   +            E - +1 helmet
rElec   .            M - +0 cloak
rCorr   +            (no gloves)
SInv    .            (no boots)
Will    +....        (no amulet)
Stlth   ++           t - ring of magical power
HPRegen 0.30/turn    c - ring of poison resistance
MPRegen 0.28/turn

%: clarity
@: no status effects
A: iridescent scales 1, clarity, screaming 1
a: Renounce Religion


You were on level 11 of the Dungeon.
You worshipped Vehumet.
Vehumet was greatly pleased with you.
You visited 2 branches of the dungeon, and saw 12 of its levels.

You collected 657 gold pieces.

Inventory:

Hand Weapons
 w - a +0 dagger of electrocution
 K - a +1 dagger of venom (weapon)
Missiles
 m - 4 throwing nets
 x - 4 curare-tipped darts
Armour
 l - a +1 robe of resistance
 z - a +0 kite shield
 E - a +1 helmet (worn)
 G - +0 acid dragon scales (worn)
 M - a +0 cloak (worn)
 O - a +0 leather armour of poison resistance
Magical Staves
 J - a staff of death
Jewellery
 b - a ring of fire
 c - a ring of poison resistance (right hand)
 i - an amulet of regeneration
 t - a ring of magical power (left hand)
 N - a +4 ring of protection
 R - a ring of protection from fire
 S - a ring of ice
Wands
 a - a wand of polymorph (7)
 H - a wand of paralysis (12)
Scrolls
 e - 10 scrolls of teleportation
 g - 5 scrolls of revelation
 j - a scroll of silence
 k - 2 scrolls of amnesia
 o - a scroll of immolation
 r - a scroll of blinking
 s - 2 scrolls of enchant armour
 u - 2 scrolls of torment
 v - 3 scrolls of enchant weapon
 y - a scroll of noise {unknown}
 B - 2 scrolls of poison {unknown}
 C - a scroll of fear {unknown}
 P - 2 scrolls of fog {unknown}
 Q - 2 scrolls of identify
Potions
 d - 3 potions of magic
 f - 2 potions of enlightenment
 h - 3 potions of mutation
 n - 3 potions of lignification {unknown}
 p - 2 potions of might {unknown}
 q - 3 potions of heal wounds {unknown}
 A - 2 potions of brilliance {unknown}
 D - 2 potions of cancellation {unknown}
 F - 2 potions of curing
 I - a potion of resistance {unknown}
 L - 2 potions of ambrosia {unknown}
 T - a potion of haste {unknown}


   Skills:
 - Level 5.0 Fighting
 + Level 3.4 Armour
 - Level 3.0 Dodging
 - Level 3.0 Stealth
 - Level 3.0 Shields
 * Level 16.1 Spellcasting
 + Level 9.6 Conjurations
 - Level 1.1 Summonings
 + Level 7.0 Necromancy
 - Level 1.1 Translocations
 - Level 1.0 Air Magic
 - Level 1.0 Alchemy
 - Level 1.0 Evocations


You had 30 spell levels left.
You knew the following spells:

 Your Spells              Type           Power      Damage    Failure   Level
a - Magic Dart            Conj           100%       1d8       1%          1
b - Mephitic Cloud        Conj/Alch/Air  38%        N/A       1%          3
c - Call Imp              Summ           48%        N/A       4%          2
d - Blink                 Tloc           48%        N/A       4%          2
e - Fulminant Prism       Conj/Alch      22%        3d12      1%          4

Your spell library contained the following spells:

 Spells                   Type           Power      Damage    Failure   Level
 Olgreb's Toxic Radiance  Alch           24%        N/A       9%          4
 Necrotise                Necr           100%       1d9       1%          1
 Momentum Strike          Conj/Tloc      90%        3d10      1%          2
 Fugue of the Fallen      Necr           52%        N/A       1%          3
 Vampiric Draining        Necr           52%        2d9       1%          3
 Cigotuvi's Dreadful Rot  Necr/Alch/Air  66%        N/A       2%          2
 Slow                     Hex            76%        N/A       4%          1
 Lesser Beckoning         Tloc           48%        N/A       4%          2
 Curse of Agony           Necr           52%        N/A       8%          5
 Call Canine Familiar     Summ           24%        N/A       10%         3
 Gell's Gravitas          Tloc           24%        N/A       10%         3
 Teleport Other           Tloc           24%        N/A       10%         3
 Martyr's Knell           Necr/Summ      38%        N/A       10%         4
 Ozocubu's Armour         Ice            19%        N/A       16%         3
 Sigil of Binding         Hex            19%        N/A       16%         3
 Manifold Assault         Tloc           24%        N/A       32%         4
 Dimensional Bullseye     Hex/Tloc       11%        N/A       36%         4


Dungeon Overview and Level Annotations

Branches:
Dungeon (11/15)            Temple (1/1) D:5
   Lair: D:8-11         Orc: D:9-12

Altars:
Ashenzari
Cheibriados
Dithmenos
Elyvilon
Fedhas
Gozag
Hepliaklqana
Kikubaaqudgha
Makhleb
Nemelex Xobeh
Okawaru
Qazlal
Ru
Sif Muna
Trog
Uskayaw
Vehumet
Wu Jian
Xom
Yredelemnul
Zin
The Shining One


Innate Abilities, Weirdness & Mutations

You are partially covered in iridescent scales. (AC +2)
You possess an exceptional clarity of mind.
You occasionally shout uncontrollably at your foes.


Message History

Casting: Fulminant Prism (dangerous; 1% risk of failure)
Confirm with . or Enter, or press ? or * to list all spells.
Aiming: Mephitic Cloud (safe; 1% risk of failure)
Press: ? - help, Shift-Dir - straight line, f - rime drake
Aim: a rime drake shaped shifter (catching its breath, ally target, chance to affect: 72%)
The ball explodes into a vile cloud!
The stinking cloud engulfs the rime drake.
The stinking cloud engulfs your fulminant prism.
You hear an angry buzzing noise.
The rime drake is engulfed in noxious fumes.
The purple ugly thing is engulfed in noxious fumes.
The purple ugly thing appears confused.
Your fulminant prism explodes!
The blast of energy engulfs the purple ugly thing!!
The purple ugly thing is moderately wounded.
The blast of energy engulfs the rime drake!
The rime drake is moderately wounded.
A killer bee comes into view.
A battlesphere comes into view.
The killer bee buzzes angrily.
You hear an angry buzzing noise.
Unknown command.
Casting: Mephitic Cloud (safe; 1% risk of failure)
Confirm with . or Enter, or press ? or * to list all spells.
Aiming: Fulminant Prism (dangerous; 1% risk of failure)
Press: ? - help, Dir - move target, p - rime drake
Okay, then.
Casting: Fulminant Prism (dangerous; 1% risk of failure)
Confirm with . or Enter, or press ? or * to list all spells.
Aiming: Mephitic Cloud (safe; 1% risk of failure)
Press: ? - help, Shift-Dir - straight line, p - rime drake The ball explodes into a vile cloud!
The stinking cloud engulfs the killer bee.
The stinking cloud engulfs the purple ugly thing.
The purple ugly thing is moderately wounded.
The rime drake is engulfed in noxious fumes.
The rime drake appears confused.
The killer bee is engulfed in noxious fumes.
The killer bee appears confused.
The purple ugly thing is engulfed in noxious fumes.
The purple ugly thing headbutts you.
You die...

.. #[# .##
....=*! $..
#...#Q## .#
....#..##..###..%
...#..#.........
.!.§.§#§○§.....#
#y○○§§# #.u.§##
##@k## #### ....
####


You could see a purple ugly thing (confused), a rime drake shaped shifter
(confused), a tengu conjurer, a killer bee (confused) and a battlesphere
(distracted).

Vanquished Creatures
  Erolcha (D:10)
  A boulder beetle (D:11)
  A two-headed ogre (D:9)
  Erica (D:10)
  A deep elf pyromancer (D:9)
  Maurice (D:9)
  Maggie (D:7)
  3 trolls
  A red devil (D:9)
  A hornet (D:9)
  2 vampires
  A ynoxinul (D:10)
  3 wraiths
  7 yaks
  A steam dragon (D:7)
  A neqoxec (D:9)
  3 vampire mosquitoes (D:10)
  A water moccasin (D:8)
  A black bear (D:7)
  3 orc warriors
  4 ice beasts
  An ogre (D:5)
  7 centaurs
  4 kobold brigands
  A gnoll sergeant (D:6)
  5 bullfrogs
  2 scorpions
  11 killer bees
  2 hounds (D:5)
  A bombardier beetle (D:7)
  2 gnoll boudas (D:7)
  A jelly (D:5)
  10 orc priests
  A sleepcap (D:5)
  Ijyb (D:4)
  27 orc wizards
  19 gnolls
  5 adders
  2 shadow imps
  A white imp (D:7)
  2 ufetubi (D:7)
  3 ribbon worms
  A dart slug (D:1)
  48 orcs
  8 endoplasms
  3 giant cockroaches
  12 goblins
  8 hobgoblins
  2 jackals (D:2)
  2 quokkas (D:2)
  4 bats
  2 frilled lizards
  27 kobolds
  2 rats
266 creatures vanquished.

Vanquished Creatures (collateral kills)
  2 killer bees
  Terence (D:3)
  2 orcs (D:5)
  A ball python (D:3)
6 creatures vanquished.

Vanquished Creatures (others)
  A killer bee (D:4)
  17 fulminant prisms
18 creatures vanquished.

Grand Total: 290 creatures vanquished

Notes
Turn   | Place    | Note
-------+----------+-------------------------------------------
     0 | D:1      | pokeman the Deep Elf Hedge Wizard began the quest for the
                  | Orb.
     0 | D:1      | Reached XP level 1. HP: 10/10 MP: 7/7
   117 | D:1      | Reached XP level 2. HP: 15/15 MP: 4/9
   329 | D:1      | Found a faded altar of an unknown god.
   616 | D:1      | Reached skill level 5 in Spellcasting
   884 | D:1      | Reached XP level 3. HP: 20/20 MP: 9/11
   888 | D:1      | Learned a level 3 spell: Mephitic Cloud
   891 | D:1      | Learned a level 2 spell: Call Imp
   894 | D:1      | Learned a level 2 spell: Blink
  1505 | D:2      | Found a glowing golden altar of the Shining One.
  1810 | D:2      | Reached skill level 1 in Armour
  1814 | D:2      | Reached skill level 1 in Fighting
  2021 | D:2      | Reached XP level 4. HP: 25/25 MP: 11/13
  2618 | D:3      | Noticed Terence
  2626 | D:3      | Killed Terence
  2853 | D:3      | Upgraded the game from 0.32-a0-361-g289a535e89 to
                  | 0.32-a0-391-gce5c0aab1b
  2888 | D:3      | Reached skill level 6 in Spellcasting
  3026 | D:4      | Reached XP level 5. HP: 29/29 MP: 15/15
  3215 | D:4      | Reached skill level 1 in Air Magic
  3458 | D:4      | Gained mutation: You possess an exceptional clarity of
                  | mind. [potion of mutation]
  3458 | D:4      | Gained mutation: You are partially covered in iridescent
                  | scales. (AC +2) [potion of mutation]
  3464 | D:4      | Reached skill level 1 in Alchemy
  3634 | D:4      | Noticed Ijyb
  3647 | D:4      | Reached skill level 7 in Spellcasting
  3647 | D:4      | Reached XP level 6. HP: 8/34 MP: 10/18
  3679 | D:4      | Killed Ijyb
  4017 | D:5      | Entered Level 5 of the Dungeon
  4055 | D:5      | Reached XP level 7. HP: 33/40 MP: 12/20
  4190 | D:5      | Reached skill level 8 in Spellcasting
  4190 | D:5      | Reached skill level 1 in Evocations
  4485 | D:5      | Reached skill level 9 in Spellcasting
  4622 | D:5      | Found a staircase to the Ecumenical Temple.
  4630 | Temple   | Entered the Ecumenical Temple
  4641 | Temple   | Became a worshipper of Vehumet
  4657 | D:5      | Noticed a vampire
  4749 | D:6      | Reached XP level 8. HP: 44/44 MP: 23/23
  4907 | D:6      | Reached skill level 5 in Conjurations
  5085 | D:6      | Reached skill level 10 in Spellcasting
  5203 | D:6      | Reached skill level 1 in Shields
  5605 | D:7      | Noticed Maggie
  5624 | D:7      | Killed Maggie
  5625 | D:7      | Reached skill level 11 in Spellcasting
  5634 | D:7      | Reached XP level 9. HP: 20/48 MP: 20/26
  6336 | D:7      | Reached skill level 12 in Spellcasting
  6392 | D:7      | Reached * piety under Vehumet
  6392 | D:7      | Offered knowledge of Kiss of Death by Vehumet.
  7087 | D:8      | Reached skill level 1 in Necromancy
  7198 | D:8      | Offered knowledge of Sandblast by Vehumet.
  7198 | D:8      | Reached ** piety under Vehumet
  7469 | D:8      | Reached skill level 13 in Spellcasting
  7673 | D:8      | Reached XP level 10. HP: 56/56 MP: 29/29
  7694 | D:8      | Found a shimmering blue altar of Sif Muna.
  8184 | D:9      | Offered knowledge of Dazzling Flash by Vehumet.
  8490 | D:9      | Noticed a two-headed ogre
  8516 | D:9      | Killed a two-headed ogre
  8516 | D:9      | Reached *** piety under Vehumet
  8517 | D:9      | Reached skill level 14 in Spellcasting
  8663 | D:9      | Gained mutation: You occasionally shout uncontrollably at
                  | your foes. [a neqoxec]
  8770 | D:9      | Noticed a four-headed hydra
  8770 | D:9      | Noticed a deep elf pyromancer
  8897 | D:9      | Killed a deep elf pyromancer
  8898 | D:9      | Reached skill level 5 in Necromancy
  9153 | D:9      | Noticed Maurice
  9168 | D:9      | Killed Maurice
  9456 | D:9      | Reached skill level 15 in Spellcasting
  9706 | D:9      | an efreet changed into a smoke demon
  9706 | D:9      | Noticed a smoke demon
 10189 | D:9      | a smoke demon changed into a hellwing
 10195 | D:9      | Reached XP level 11. HP: 60/62 MP: 32/32
 10203 | D:10     | Entered Level 10 of the Dungeon
 10289 | D:10     | Offered knowledge of Fulminant Prism by Vehumet.
 10588 | D:10     | Noticed Erolcha
 10607 | D:10     | Killed Erolcha
 11030 | D:10     | Reached **** piety under Vehumet
 11100 | D:10     | Learned a level 4 spell: Fulminant Prism
 11264 | D:10     | Offered knowledge of Olgreb's Toxic Radiance by Vehumet.
 11311 | D:10     | Noticed Erica
 11324 | D:10     | Killed Erica
 11325 | D:10     | Reached skill level 5 in Fighting
 12305 | D:11     | Noticed a boulder beetle
 12326 | D:11     | Killed a boulder beetle
 12327 | D:11     | Reached skill level 16 in Spellcasting
 12559 | D:11     | Noticed a purple ugly thing
 12564 | D:11     | Identified the +2 buckler "Sastris" {rElec Will+++ Int-5
                  | Dex+3}
 12565 | D:11     | HP: 2/63 [purple ugly thing (7)]
 12567 | D:11     | Slain by a purple ugly thing

Illustrated notes

Levels and vault maps discovered:
D:1:      onia_arrival_pyramid, layout_basic,
          ebering_ecumenical_altar_petrified, minmay_misc_feat_square,
          minmay_misc_feat_iff, corexii_corridor_pit
D:2:      cheibrodos_greedy_goblins, layout_basic, basic_altar
D:3:      layout_basic, minmay_ruptured, uniq_terence
D:4:      layout_rooms, serial_bayou, serial_bayou_pond_c,
          serial_bayou_lagoon_a, serial_bayou_lagoon_b, serial_bayou_pond_e,
          uniq_ijyb
D:5:      layout_rooms, minmay_temple_entry_slanted
D:6:      layout_basic
D:7:      nicolae_whirlpool, layout_basic, supply_closet_lemuel, uniq_maggie
D:8:      layout_cave_pools, hellmonk_sif_muna_bookshelves
D:9:      nzn_winding_woodlands_three_and_one
          [nzn_winding_woodlands_5x15_jagged,
          nzn_winding_woodlands_5x15_crooked,
          nzn_winding_woodlands_5x15_split_checker,
          nzn_winding_woodlands_center_triple_pond], layout_basic,
          kennysheep_generic_room_6, uniq_maurice
D:10:     layout_gridville, uniq_erolcha, uniq_erica
D:11:     minmay_curly_fans, layout_loops_ring, erik_lair_orcish_takeover,
          hiddenorc1_lemuel
Temple:   compressed_dpeg_triangle_lava_temple

Skill      XL: |  1  2  3  4  5  6  7  8  9 10 11 |
---------------+----------------------------------+-----
Spellcasting   | 5 6 7 9 11 13 15 16 | 16.1
Armour         | 1 2 3 |  3.4
Fighting       | 1 2 3 4 5 |  5.0
Conjurations   | 2 3 4 6 7 8 9 |  9.6
Stealth        | 3 |  3.0
Dodging        | 3 |  3.0
Air Magic      | 1 |  1.0
Alchemy        | 1 |  1.0
Evocations     | 1 |  1.0
Shields        | 2 3 |  3.0
Necromancy     | 3 5 7 |  7.0
Summonings     | |  1.1
Translocations | |  1.1

Action                     |  1- 3 |  4- 6 |  7- 9 | 10-12 || total
---------------------------+-------+-------+-------+-------++-------
  Melee: Dagger            |    13 |    29 |   175 |   224 ||   441
         Whip              |       |    18 |       |       ||    18
   Cast: Magic Dart        |    84 |    79 |   185 |   128 ||   476
         Mephitic Cloud    |       |     8 |    37 |    48 ||    93
         Call Imp          |       |     1 |     6 |    10 ||    17
         Blink             |       |     1 |     1 |     5 ||     7
         Fulminant Prism   |       |       |       |    19 ||    19
  Evoke: Wand              |       |       |       |    29 ||    29
    Use: Potion            |       |     4 |       |       ||     4
         Scroll            |       |       |       |    11 ||    11
   Stab: Confused          |       |     2 |    15 |    17 ||    34
         Distracted        |       |       |     1 |     1 ||     2
         Paralysed         |       |       |       |     6 ||     6
 Armour: Robe              |    12 |    30 |   106 |    57 ||   205
         Acid dragon scale |       |       |       |   138 ||   138
  Dodge: Dodged            |    19 |    44 |   109 |   151 ||   323

Table legend: (Time is in decaauts)
 A = Elapsed time spent in this place.
 B = Non-inter-level travel time spent in this place.
 C = Inter-level travel time spent in this place.
 D = Time resting spent in this place.
 E = Time spent auto-exploring this place.
 F = Levels seen in this place.
 G = Mean time per level.
                   A        B        C        D        E       F      G
               +--------+--------+--------+--------+--------+-----+--------+
         Total |  12672 |  12099 |    573 |    909 |   9048 |  12 | 1056.0 |
       Dungeon |  12650 |  12086 |    564 |    909 |   9048 |  11 | 1150.0 |
        Temple |     21 |     12 |      9 |      0 |      0 |   1 |   21.0 |
               +--------+--------+--------+--------+--------+-----+--------+

Top non-repeatable levels by time:
     D:9: 2264 daAuts
     D:7: 1588 daAuts
    D:10: 1397 daAuts
     D:2: 1338 daAuts
     D:1: 1219 daAuts
     D:4: 1061 daAuts
     D:8: 1060 daAuts
     D:5: 1054 daAuts
     D:6: 769 daAuts
     D:3: 453 daAuts
    D:11: 443 daAuts
  Temple: 21 daAuts
